 Dungeon Crawl Stone Soup version 0.19.5 (webtiles) character file.

2675 tidbits the Carver (level 9, -9/58 HPs)
             Began as a High Elf Skald on Nov 13, 2017.
             Was a Believer of Cheibriados.
             Mangled by a gargoyle
             ... wielding a +0 dire flail
              (16 damage)
             ... on level 9 of the Dungeon.
             The game lasted 00:31:11 (2672 turns).

tidbits the Carver (High Elf Skald)                 Turns: 2672, Time: 00:31:11

Health: -9/58      AC: 10    Str: 17    XL:     9   Next: 37%
Magic:  2/18       EV: 14    Int: 22    God:    Cheibriados [**....]
Gold:   139        SH:  0    Dex: 23    Spells: 5 memorised, 8 levels left

rFire  . . .     SeeInvis .     k - +0 falchion
rCold  . . .     Gourm    .     B - +0 ring mail
rNeg   . . .     Faith    .     (no shield)
rPois  .         Spirit   .     E - +1 hat
rElec  .         Reflect  .     C - +2 cloak
rCorr  .         Harm     .     G - +0 pair of gloves
MR     .....                    (no boots)
Stlth  ++........               (no amulet)
                                (no ring)
                                X - +4 ring of dexterity

@: singing, very slow
A: no striking features
a: Bend Time, Renounce Religion, Stop Singing


You were on level 9 of the Dungeon.
You worshipped Cheibriados.
Cheibriados was pleased with you.
You were not hungry.

You visited 2 branches of the dungeon, and saw 10 of its levels.

You collected 139 gold pieces.

Inventory:

Hand Weapons
 a - a +1 short sword of venom
   (You took it off a kobold on level 1 of the Dungeon)
 k - a +0 falchion (weapon)
 p - a +0 shortbow
   (You took it off a centaur on level 5 of the Dungeon)
 w - a +2 trident of pain
   (You took it off an orc on level 4 of the Dungeon)
 L - a +0 blowgun
   (You took it off a kobold on level 7 of the Dungeon)
Missiles
 f - 128 arrows
 g - 47 sling bullets
 t - 28 poisoned needles
 u - 2 steel tomahawks (quivered)
 y - 6 needles of confusion
 M - 5 tomahawks
Armour
 l - a +0 leather armour
 B - a +0 ring mail (worn)
   (You found it on level 2 of the Dungeon)
 C - a +2 cloak (worn)
   (You found it on level 1 of the Dungeon)
 E - a +1 hat (worn)
   (You found it on level 5 of the Dungeon)
 G - a +0 pair of gloves (worn)
   (You found it on level 4 of the Dungeon)
Jewellery
 X - a +4 ring of dexterity (left hand)
   (You found it on level 5 of the Dungeon)
Wands
 q - a wand of random effects (20/48)
   (You found it on level 2 of the Dungeon)
 A - a wand of iceblast (4/15)
   (You found it on level 4 of the Dungeon)
Scrolls
 b - a scroll of enchant armour
 e - 2 scrolls of remove curse {unknown}
 i - a scroll of amnesia {unknown}
 o - a scroll of blinking {unknown}
 r - 2 scrolls of noise
 s - 3 scrolls of teleportation
 v - 2 scrolls of enchant weapon {unknown}
 I - 3 scrolls of magic mapping {unknown}
Potions
 h - a potion of magic {unknown}
 j - a potion of lignification {unknown}
 m - a potion of brilliance {unknown}
 D - a potion of haste
 H - a potion of mutation {unknown}
 J - a potion of cure mutation {unknown}
 K - a potion of agility {unknown}
Books
 d - a book of Battle

   Spells                             Type                      Level
   a - Infusion                       Charms                       1
   b - Shroud of Golubria             Charms/Translocation         2
   c - Song of Slaying                Charms                       2
   d - Spectral Weapon                Hexes/Charms                 3
   e - Regeneration                   Charms/Necromancy            3
 z - a book of Callings
   (You found it on level 4 of the Dungeon)

   Spells                             Type                      Level
   a - Summon Small Mammal            Summoning                    1
   b - Call Imp                       Summoning                    2
   c - Call Canine Familiar           Summoning                    3
   d - Summon Guardian Golem          Hexes/Summoning              3
   e - Summon Lightning Spire         Summoning/Air                4
   f - Summon Ice Beast               Ice/Summoning                4
Comestibles
 c - 8 bread rations
 n - a slice of pizza
 F - 2 meat rations


   Skills:
 - Level 4.1 Fighting
 - Level 8.1 Long Blades
 + Level 1.4 Armour
 - Level 4.9 Dodging
 - Level 1.2 Stealth
 - Level 5.9 Spellcasting
 - Level 1.2 Hexes
 - Level 6.1 Charms
 - Level 1.2 Necromancy
 - Level 6.2 Invocations
 - Level 1.1 Evocations


You had 8 spell levels left.
You knew the following spells:

 Your Spells              Type           Power        Failure   Level  Hunger
g - Shroud of Golubria    Chrm/Tloc      ###.......   10%         2    None
i - Infusion              Chrm           ####         1%          1    None
r - Regeneration          Chrm/Necr      ###.......   12%         3    #......
w - Spectral Weapon       Hex/Chrm       ###.....     12%         3    #......
y - Song of Slaying       Chrm           ####....     1%          2    None


Dungeon Overview and Level Annotations

Branches:
Dungeon (9/15)             Temple (1/1) D:6
   Lair: D:8-11         Orc: D:9-12

Altars:
Cheibriados
Dithmenos
Gozag
Hepliaklqana
Ru
Vehumet
Zin

Shops:
D:4 }

Annotations:
D:5 4 runed doors
D:8 Xiguana's ghost, novice TrSk


Message History

You hit the gargoyle but do no damage.
Your spectral weapon hits the gargoyle but does no damage.
You hit the gargoyle.
The gargoyle is moderately damaged.
Your spectral weapon hits the gargoyle but does no damage.
The gargoyle misses you.
You barely miss the gargoyle.
The gargoyle is moderately damaged.
Your spectral weapon hits the gargoyle but does no damage.
The gargoyle hurls a stone arrow at you.
The stone arrow hits you!
You hit the gargoyle but do no damage.
The gargoyle is moderately damaged.
Your spectral weapon completely misses the gargoyle.
The gargoyle hits you with a dire flail.
Your shroud falls apart!
Casting: Spectral Weapon
Confirm with . or Enter, or press ? or * to list all spells.
Space distorts slightly along a thin shroud covering your body.
The gargoyle closely misses you.
You hit the gargoyle.
The gargoyle is moderately damaged.
Your spectral weapon barely misses the gargoyle.
Your shroud bends the gargoyle's attack away!
You hit the gargoyle but do no damage.
The gargoyle is moderately damaged.
Your spectral weapon barely misses the gargoyle.
You barely miss the gargoyle.
The gargoyle is moderately damaged.
Your spectral weapon barely misses the gargoyle.
The gargoyle hits you but does no damage.
You barely miss the gargoyle.
The gargoyle is moderately damaged.
Your spectral weapon hits the gargoyle but does no damage.
Your shroud bends the gargoyle's attack away.
You don't have enough magic at the moment.
Okay, then.
You slash the gargoyle!
The gargoyle is severely damaged.
Your spectral weapon hits the gargoyle.
The gargoyle misses you.
You riposte.
You hit the gargoyle but do no damage.
The gargoyle is severely damaged.
You hit the gargoyle.
The gargoyle is severely damaged.
Your spectral weapon barely misses the gargoyle.
The gargoyle hurls a stone arrow at you.
The stone arrow hits you!
* * * LOW HITPOINT WARNING * * *
You barely miss the gargoyle.
The gargoyle is severely damaged.
The sentinel's mark upon you fades away.
Your spectral weapon hits the gargoyle but does no damage.
Your shroud bends the gargoyle's attack away!
You hit the gargoyle but do no damage.
The gargoyle is severely damaged.
Your spectral weapon hits the gargoyle.
You barely miss the gargoyle.
The gargoyle is almost destroyed.
Your spectral weapon hits the gargoyle but does no damage.
The gargoyle hits you with a dire flail!
* * * LOW HITPOINT WARNING * * *
You hit the gargoyle but do no damage.
The gargoyle is almost destroyed.
Your spectral weapon hits the gargoyle but does no damage.
The gargoyle hits your spectral weapon with a dire flail!!
Your spectral weapon shares its damage with you!
Your spectral weapon fades away.
* * * LOW HITPOINT WARNING * * *
You feel much better.
The gargoyle hurls a stone arrow at you.
The stone arrow misses you.
Casting: Shroud of Golubria
Confirm with . or Enter, or press ? or * to list all spells.
You don't have enough magic to cast that spell.
You hit the gargoyle but do no damage.
The gargoyle is almost destroyed.
The gargoyle hurls a stone arrow at you.
The stone arrow hits you!
* * * LOW HITPOINT WARNING * * *
You hit the gargoyle.
The gargoyle is almost destroyed.
The gargoyle closely misses you.
You riposte.
You closely miss the gargoyle.
The gargoyle is almost destroyed.
You hit the gargoyle but do no damage.
The gargoyle is almost destroyed.
The gargoyle hurls a stone arrow at you.
The stone arrow hits you!
* * * LOW HITPOINT WARNING * * *
You hit the gargoyle but do no damage.
The gargoyle is almost destroyed.
The gargoyle barely misses you.
You riposte.
You hit the gargoyle but do no damage.
The gargoyle is almost destroyed.
You hit the gargoyle but do no damage.
The gargoyle is almost destroyed.
Okay, then.
You completely miss the gargoyle.
The gargoyle is almost destroyed.
The gargoyle hits you with a dire flail!
You die...

##########
#..9......
#@#
##########
#.#
#..<.....#
#.#
#........#
#.#
#........#
#.#
#........#
#.#
###.######
#.# #.#
#.#
#.#####
#.#
#...).#


You could see a gargoyle.

Vanquished Creatures
  Prince Ribbit (D:5)
  A spriggan (D:7)
  A hungry ghost (D:8)
  A hell hound (D:8)
  An orc warrior (D:9)
  4 ogres
  3 centaurs
  2 big kobolds
  5 bullfrogs
  A scorpion (D:5)
  A howler monkey (D:4)
  A crimson imp (D:5)
  A quasit (D:6)
  A centaur zombie (D:7)
  3 hounds
  2 orc priests
  A gnoll shaman (D:6)
  2 jellies
  4 orc wizards
  4 iguanas
  5 worker ants
  A worker ant zombie (D:5)
  8 gnolls
  5 adders
  An ooze (D:4)
  An adder skeleton (D:6)
  A worm (D:3)
  4 leopard geckos
  18 orcs
  2 bats
  3 giant cockroaches
  3 hobgoblins
  3 jackals (D:4)
  4 quokkas
  A ball python skeleton (D:4)
  2 frilled lizards
  2 goblins
  15 kobolds
  5 rats
124 creatures vanquished.

Vanquished Creatures (others)
  A spectral weapon (D:9)
1 creature vanquished.

Grand Total: 125 creatures vanquished

Notes
Turn   | Place    | Note
-------+----------+-------------------------------------------
     0 | D:1      | tidbits the High Elf Skald began the quest for the Orb.
     0 | D:1      | Reached XP level 1. HP: 14/14 MP: 4/4
   219 | D:1      | Reached skill level 3 in Long Blades
   220 | D:1      | Reached XP level 2. HP: 16/19 MP: 2/6
   224 | D:1      | Learned a level 2 spell: Song of Slaying
   227 | D:1      | Learned a level 2 spell: Shroud of Golubria
   278 | D:2      | Reached skill level 4 in Long Blades
   278 | D:2      | Reached XP level 3. HP: 9/24 MP: 5/7
   468 | D:2      | Reached skill level 3 in Spellcasting
   493 | D:2      | Learned a level 3 spell: Regeneration
   560 | D:3      | Reached XP level 4. HP: 29/29 MP: 6/10
   596 | D:5      | Entered Level 5 of the Dungeon
   622 | D:5      | Noticed a soldier ant
   622 | D:5      | Noticed a soldier ant
   630 | D:5      | Noticed a centaur
   651 | D:5      | Killed a centaur
   651 | D:5      | Reached skill level 2 in Dodging
   651 | D:5      | Reached skill level 4 in Spellcasting
   651 | D:5      | Reached XP level 5. HP: 20/34 MP: 6/12
   664 | D:5      | Learned a level 3 spell: Spectral Weapon
   675 | D:5      | Noticed a soldier ant
   679 | D:5      | Noticed a soldier ant
   680 | D:5      | Found a runed door.
   686 | D:5      | Found a runed gate.
   686 | D:5      | Noticed a soldier ant
   688 | D:5      | Found a runed gate.
   688 | D:5      | Found a runed gate.
   690 | D:5      | Noticed a water moccasin
   690 | D:5      | Noticed a soldier ant
   690 | D:5      | Noticed a water moccasin
   690 | D:5      | Noticed a soldier ant
   691 | D:5      | Noticed a water moccasin
   772 | D:5      | Reached skill level 1 in Hexes
   772 | D:5      | Reached skill level 4 in Charms
   772 | D:5      | Reached skill level 1 in Necromancy
   868 | D:4      | Found Jinuruy's Gadget Shop.
   897 | D:4      | Reached XP level 6. HP: 37/39 MP: 4/13
   904 | D:4      | Reached skill level 5 in Long Blades
  1030 | D:4      | Reached skill level 6 in Long Blades
  1290 | D:3      | Reached XP level 7. HP: 35/45 MP: 7/14
  1378 | D:4      | Reached skill level 3 in Dodging
  1398 | D:4      | Found an opulent altar of Gozag.
  1398 | D:4      | Found a hazy altar of Hepliaklqana.
  1444 | D:3      | Reached skill level 7 in Long Blades
  1653 | D:5      | Noticed Prince Ribbit
  1662 | D:5      | Killed Prince Ribbit
  1662 | D:5      | Reached skill level 3 in Fighting
  1662 | D:5      | Reached skill level 4 in Dodging
  1697 | D:6      | Found a staircase to the Ecumenical Temple.
  1701 | Temple   | Entered the Ecumenical Temple
  1727 | Temple   | Became a worshipper of Cheibriados the Contemplative
  1760 | D:6      | Reached XP level 8. HP: 44/54 MP: 3/15
  1832 | D:6      | Reached skill level 4 in Fighting
  1832 | D:6      | Reached skill level 8 in Long Blades
  1958 | D:7      | Reached skill level 5 in Charms
  1965 | D:7      | Reached * piety under Cheibriados
  1972 | D:7      | Reached skill level 5 in Spellcasting
  2139 | D:7      | Reached skill level 6 in Charms
  2167 | D:8      | Found a sacrificial altar of Ru.
  2186 | D:8      | Reached skill level 2 in Invocations
  2221 | D:8      | Reached skill level 3 in Invocations
  2230 | D:8      | Reached XP level 9. HP: 12/58 MP: 6/18
  2249 | D:8      | Noticed Xiguana's ghost (novice TrSk)
  2276 | D:8      | Reached skill level 1 in Stealth
  2276 | D:8      | Reached skill level 1 in Evocations
  2387 | D:6      | Reached skill level 4 in Invocations
  2479 | D:8      | Reached ** piety under Cheibriados
  2479 | D:8      | Reached skill level 5 in Invocations
  2600 | D:9      | Reached skill level 6 in Invocations
  2645 | D:9      | Reached skill level 1 in Armour
  2646 | D:9      | Noticed a gargoyle
  2665 | D:9      | HP: 5/58 [gargoyle/dire flail (8)]
  2672 | D:9      | Mangled by a gargoyle

Skill      XL: |  1  2  3  4  5  6  7  8  9 |
---------------+----------------------------+-----
Long Blades    | 3 4 6 7 8 |  8.1
Spellcasting   | 3 4 5 |  5.9
Dodging        | 2 4 |  4.9
Hexes          | 1 |  1.2
Charms         | 4 6 |  6.1
Necromancy     | 1 |  1.2
Fighting       | 3 4 |  4.1
Invocations    | 3 6 |  6.2
Stealth        | 1 |  1.2
Evocations     | 1 |  1.1
Armour         | 1 |  1.4

Action                   |  1- 3 |  4- 6 |  7- 9 || total
-------------------------+-------+-------+-------++-------
Melee: Short sword       |    45 |    78 |   276 ||   399
       Falchion          |     7 |       |    20 ||    27
Throw: Tomahawk          |       |       |     1 ||     1
 Cast: Infusion          |     9 |     2 |     2 ||    13
       Shroud of Golubri |     2 |     4 |    10 ||    16
       Regeneration      |     1 |     3 |    11 ||    15
       Spectral Weapon   |       |     6 |    19 ||    25
       Song of Slaying   |       |     4 |     9 ||    13
Invok: Bend Time         |       |       |     1 ||     1
Evoke: Wand              |       |     5 |     1 ||     6
  Use: Potion            |     1 |       |     2 ||     3
       Scroll            |       |     6 |       ||     6
 Stab: Distracted        |       |     1 |     1 ||     2
  Eat: Chunk             |       |     3 |     8 ||    11
       Pizza             |       |       |     1 ||     1
Armor: Leather armour    |    16 |     6 |       ||    22
       Ring mail         |       |    15 |    93 ||   108
Dodge: Dodged            |    31 |    38 |   181 ||   250
       Rpst.: Falchion   |       |       |     4 ||     4

Table legend:
 A = Turns spent in this place as a percentage of turns spent in the entire game.
 B = Non-inter-level travel turns spent in this place as a percentage of non-inter-level travel turns spent in the entire game.
 C = Inter-level travel turns spent in this place as a percentage of turns spent in this place.
 D = Turns resting spent in this place as a percentage of non-inter-level travel turns spent in this place.
 E = Turns spent auto-exploring this place as a percentage of non-inter-level travel turns spent in this place.
 F = Non-inter-level travel turns spent in this place divided by the number of levels of this place that you've seen.
                   A       B       C       D       E      F
               +-------+-------+-------+-------+-------+----------------------
         Total | 100.0 | 100.0 |   0.1 |   0.0 |   0.0 | 254.0
       Dungeon |  98.8 |  98.8 |   0.1 |   0.0 |   0.0 | 278.9
        Temple |   1.2 |   1.2 |   3.2 |   0.0 |   0.0 |  30.0
               +-------+-------+-------+-------+-------+----------------------

Table legend:
 A = Kills in this place as a percentage of kills in entire the game.
 B = Kills by you in this place as a percentage of kills by you in the entire game.
 C = Kills by friends in this place as a percentage of kills by friends in the entire game.
 D = Other kills in this place as a percentage of other kills in the entire game.
 E = Experience gained in this place as a percentage of experience gained in the entire game.
 F = Experience gained in this place divided by the number of levels of this place that you have seen.
                   A       B       C       D       E      F
               +-------+-------+-------+-------+-------+----------------------
         Total | 100.0 | 100.0 |  -nan |  -nan | 100.0 | 382.2
       Dungeon |  99.2 |  99.2 |  -nan |  -nan |  99.9 | 424.3
        Temple |   0.8 |   0.8 |  -nan |  -nan |   0.1 |   3.0
               +-------+-------+-------+-------+-------+----------------------

Vault maps used:
D:1:      ncdulo_smallfort, grunt_decor_cap, roderic_bipointed_swastika
D:2:      first_bread, dk_xom_monty_hall
D:3:      lemuel_another_geyser
D:4:      gammafunk_temple_overflow_wave, serial_shops, shop,
          nicolae_underground_beach
D:5:      minmay_guarded_unrand_staff_of_olgreb, uniq_prince_ribbit1
D:6:      minmay_temple_entry_butterflies
D:7:      the_bakery, kennysheep_generic_room_5, uniq_duvessa
D:8:      minmay_lair_entry_lava, basic_altar
D:9:      lemuel_coloured_pillars_altar, orc_0_dummy, lemuel_tele_altar,
          uniq_erica
Temple:   hc_temple_tempest_star
